WCHLSIM.com - West Coast Hockey League
html PUBLIC "-//W3C//DTD XHTML 1.0 Transitional//EN" "http://www.w3.org/TR/xhtml1/DTD/xhtml1-transitional.dtd"> WCHL - Game 60 - UTAH ICE BEARS vs SACRAMENTO BANDITS

UTAH ICE BEARS vs SACRAMENTO BANDITS

Created - 21 octobre 2021 at 22:02

Goals
1 2 3 T
UTAH ICE BEARS 1 1 0 2
SACRAMENTO BANDITS 1 0 0 1
Shots
1 2 3 T
UTAH ICE BEARS 8 6 13 27
SACRAMENTO BANDITS 7 16 7 30

1st period

1. SACRAMENTO BANDITS , Patrik Laine 2 (Brock Boeser 2, Colton Sissons 2) at 2:12
2. UTAH ICE BEARS , Troy Stecher 1 (Alexander Barabanov 1, Zachary Sanford 2) at 12:34

Penalties :
No Penalty

2nd period

3. UTAH ICE BEARS , MacKenzie Weegar 1 (Kyle Okposo 2, Nicholas Paul 2) at 18:34

Penalties :
Alexander Edler (UTA) for Roughing (Minor) at 5:56, MacKenzie Weegar (UTA) for Tripping (Minor) at 15:01

3rd period

No Goal

Penalties :
Colton Sissons (SAC) for Interference (Minor) at 11:11, Carter Verhaeghe (SAC) for Roughing (Minor) at 15:39, Colton Sissons (SAC) for Slashing (Minor) at 19:13

Goalie Stats

Thatcher Demko (UTA), 29 saves from 30 shots - (0,967), W, 2-1-1, 60:00 minutes
Andrei Vasilevskiy (SAC), 15 saves from 16 shots - (0,938), L, 4-1-0, 28:20 minutes
Filip Gustavsson (SAC), 10 saves from 11 shots - (0,909), 31:40 minutes

Players Stats for UTAH ICE BEARS

Player Name              G  A  P  +/- PIM S  H  SB GA TA FO     MP     PP MP  PK MP  
------------------------------------------------------------------------------------
Adam Mascherin           0  0  0   0  0   0  0  0  0  0  0/0     4:48   0:00   0:00 
Alexander Barabanov      0  1  1   1  0   3  0  0  0  0  0/1    16:10   0:00   0:00 
Alexander Edler          0  0  0   1  2   2  0  0  0  0  0/0    22:58   1:48   1:13 
Andrew Mangiapane        0  0  0   0  0   1  1  0  0  0  8/29   24:51   1:48   2:19 
Artem Anisimov           0  0  0   1  0   1  0  0  0  0  4/14   16:10   0:00   0:00 
Artem Zub                0  0  0  -1  0   2  3  3  0  0  0/0    21:05   2:35   1:39 
Blake Lizotte            0  0  0   0  0   0  2  0  0  0  1/5     4:48   0:00   0:00 
Casey Mittelstadt        0  0  0   0  0   1  0  0  0  0  0/4    19:23   1:48   1:39 
Erik Gudbranson          0  0  0   1  0   0  3  0  0  0  0/0    14:50   0:21   0:00 
Kyle Okposo              0  1  1   0  0   2  0  0  0  0  1/2    16:59   2:35   0:00 
MacKenzie Weegar         1  0  1   1  2   3  1  1  0  0  0/0    22:51   1:48   1:06 
Mattias Janmark          0  0  0   0  0   2  2  0  0  0  0/0    20:03   1:48   2:19 
Nicholas Paul            0  1  1   0  0   3  0  1  0  0  8/21   18:59   2:56   1:39 
Ross Colton              0  0  0   0  0   0  0  0  0  0  0/0     0:21   0:21   0:00 
Rudolfs Balcers          0  0  0   0  0   3  3  0  0  0  1/2    16:59   2:35   0:00 
T.J. Brodie              0  0  0  -1  0   1  1  1  0  0  0/0    22:34   2:56   2:47 
Troy Stecher             1  0  1   1  0   1  0  0  0  0  0/0    15:40   0:00   1:11 
Zachary Sanford          0  1  1   1  0   2  1  0  0  0  0/0    16:31   0:21   0:00 

Players Stats for SACRAMENTO BANDITS

Player Name              G  A  P  +/- PIM S  H  SB GA TA FO     MP     PP MP  PK MP  
------------------------------------------------------------------------------------
Aleksander Barkov        0  0  0   0  0   2  0  1  0  0  22/29  22:41   1:52   2:48 
Alexander DeBrincat      0  0  0   0  0   3  1  0  0  0  0/0    21:31   1:52   1:38 
Ben Harpur               0  0  0   0  0   0  1  3  0  0  0/0    13:13   0:00   0:00 
Brock Boeser             0  1  1   1  0   3  1  0  0  0  0/0    13:26   0:00   0:18 
Cal Clutterbuck          0  0  0  -1  0   0  1  0  0  0  0/0     6:23   0:00   0:00 
Carter Verhaeghe         0  0  0  -1  2   8  1  0  0  0  0/0    16:09   2:06   0:18 
Colton Sissons           0  1  1   1  4   1  0  0  0  0  10/16  13:06   0:00   0:00 
Filip Hronek             0  0  0   0  0   0  1  0  0  0  0/0    21:07   1:50   2:02 
Jamie Benn               0  0  0  -1  0   1  0  0  0  0  0/1    17:30   2:06   1:38 
Joel Edmundson           0  0  0   0  0   0  1  0  0  0  0/0    21:07   1:50   2:02 
John Carlson             0  0  0  -1  0   1  2  0  0  0  0/0    25:40   2:08   2:42 
Jonathan Huberdeau       0  0  0   0  0   3  0  0  0  0  2/3    22:41   1:52   2:48 
Kyle Turris              0  0  0  -1  0   0  0  0  0  0  6/7     6:23   0:00   0:00 
Lars Eller               0  0  0  -1  0   3  1  0  0  0  15/21  15:52   2:06   0:00 
Mattias Ekholm           0  0  0  -1  0   0  0  1  0  0  0/0    25:40   2:08   2:42 
Niko Mikkola             0  0  0   0  0   0  3  1  0  0  0/0    13:13   0:00   0:00 
Patrik Laine             1  0  1   1  0   3  0  0  0  0  0/1    13:08   0:00   0:00 
Tom Wilson               0  0  0  -1  0   2  0  0  0  0  0/0     6:23   0:00   0:00 

3 Stars

1 - Thatcher Demko (UTA)
2 - Troy Stecher (UTA)
3 - Patrik Laine (SAC)

Power Play

UTAH ICE BEARS - 0 on 3 Attempt(s) - 0,00%
SACRAMENTO BANDITS - 0 on 2 Attempt(s) - 0,00%

Penalty Kill

UTAH ICE BEARS - 2 on 2 Attempt(s) - 100,00% - Score 0 goal in Penalty Kill
SACRAMENTO BANDITS - 3 on 3 Attempt(s) - 100,00% - Score 0 goal in Penalty Kill

Team Stat

UTAH ICE BEARS - Hits : 17 - Faceoff Wins : 23 - Blocked Shots : 6 - Penalty Minutes : 4
SACRAMENTO BANDITS - Hits : 13 - Faceoff Wins : 55 - Blocked Shots : 6 - Penalty Minutes : 6

Official

Referees : Garrett Rank and Brad Meier
Linesman : Steve Barton and Tony Sericolo

Game Notes

Filip Gustavsson is injured at 11:40 of 2nd period (Bruised Left Shoulder)
Andrei Vasilevskiy enters game at 11:40 of 2nd period

Finance

Level 1 -- Attendance: 6205 (100,00%) -- Ticket Income 992 800 $
Level 2 -- Attendance: 4135 (78,31%) -- Ticket Income 578 900 $
Level 3 -- Attendance: 1805 (84,54%) -- Ticket Income 216 600 $
Level 4 -- Attendance: 2940 (68,69%) -- Ticket Income 264 600 $
Luxury Box -- Attendance: 940 (93,07%) -- Ticket Income 282 000 $
Game was played at the Sacramento Center Palace.
Total Attendance: 16025 (84,74%)
Total Ticket Income: 2 334 900 $
Other Expense: 23 349 $
Total Income: 2 311 551 $

UTAH ICE BEARS

5 vs 5 Forward 
   Center                   Left Wing                Right Wing               Time % Phy DF OF 
 1 Andrew Mangiapane        Mattias Janmark          Casey Mittelstadt        36     1   1  3  
 2 Nicholas Paul            Rudolfs Balcers          Kyle Okposo              31     1   1  3  
 3 Artem Anisimov           Zachary Sanford          Alexander Barabanov      23     1   2  2  
 4 Blake Lizotte            Adam Mascherin           Andrew Mangiapane        10     1   2  2  

5 vs 5 Defense 
   Defense                  Defense                                           Time % Phy DF OF 
 1 MacKenzie Weegar         Alexander Edler                                   36     1   2  2  
 2 T.J. Brodie              Artem Zub                                         31     1   2  2  
 3 Erik Gudbranson          Troy Stecher                                      23     1   2  2  
 4 MacKenzie Weegar         Alexander Edler                                   10     1   2  2  

PowerPlay Forward 
   Center                   Left Wing                Right Wing               Time % Phy DF OF 
 1 Andrew Mangiapane        Mattias Janmark          Casey Mittelstadt        55     1   2  2  
 2 Nicholas Paul            Rudolfs Balcers          Kyle Okposo              45     1   2  2  

PowerPlay Defense
   Defense                  Defense                                           Time % Phy DF OF 
 1 MacKenzie Weegar         Alexander Edler                                   55     1   2  2  
 2 T.J. Brodie              Artem Zub                                         45     1   2  2  

Penalty Kill 4 Players Forward 
   Center                   Wing                     Time % Phy DF OF 
 1 Andrew Mangiapane        Mattias Janmark          55     1   2  2  
 2 Nicholas Paul            Casey Mittelstadt        45     1   2  2  

Penalty Kill 4 Players Defense
   Defense                  Defense                  Time % Phy DF OF 
 1 MacKenzie Weegar         Alexander Edler          55     1   2  2  
 2 T.J. Brodie              Artem Zub                45     1   2  2  

Penalty Kill - 3 Players Forward 
   Forward                                           Time % Phy DF OF 
 1 Andrew Mangiapane                                 55     1   2  2  
 2 Mattias Janmark                                   45     1   2  2  

Penalty Kill - 3 Players Defense
   Defense                  Defense                  Time % Phy DF OF 
 1 MacKenzie Weegar         Alexander Edler          55     1   2  2  
 2 T.J. Brodie              Artem Zub                45     1   2  2  

4 vs 4 Forward 
   Center                   Wing                     Time % Phy DF OF 
 1 Andrew Mangiapane        Mattias Janmark          55     1   2  2  
 2 Nicholas Paul            Casey Mittelstadt        45     1   2  2  

4 vs 4 Defense
   Defense                  Defense                  Time % Phy DF OF 
 1 MacKenzie Weegar         Alexander Edler          55     1   2  2  
 2 T.J. Brodie              Artem Zub                45     1   2  2  

Last Minutes Offensive
   Center                   Left Wing                Right Wing               Defense                  Defense                  
   Andrew Mangiapane        Mattias Janmark          Casey Mittelstadt        MacKenzie Weegar         Alexander Edler          

Last Minutes Defensive
   Center                   Left Wing                Right Wing               Defense                  Defense                  
   Andrew Mangiapane        Mattias Janmark          Casey Mittelstadt        MacKenzie Weegar         Alexander Edler          

Goaltenders
Starting : Thatcher Demko           
Backup : Devan Dubnyk             

Extra Forwards
Normal : Ross Colton, Zachary Sanford, Artem Anisimov - PP : Ross Colton, Zachary Sanford - PK : Artem Anisimov
Extra Defensemen
Normal : Erik Gudbranson, Troy Stecher, T.J. Brodie - PP : Erik Gudbranson - PK : Troy Stecher, T.J. Brodie
Penalty Shots
Andrew Mangiapane, Mattias Janmark, Nicholas Paul, Casey Mittelstadt, Kyle Okposo
Custom OT Lines Forwards
Andrew Mangiapane, Mattias Janmark, Nicholas Paul, Casey Mittelstadt, Kyle Okposo, Rudolfs Balcers, Zachary Sanford, Artem Anisimov, Blake Lizotte, Ross Colton
Custom OT Lines Defensemen
MacKenzie Weegar, Alexander Edler, T.J. Brodie, Artem Zub, Erik Gudbranson

Scratches
Alex Galchenyuk (Healthy), Matthew Phillips (Healthy), Radim Simek (Healthy)

SACRAMENTO BANDITS

5 vs 5 Forward 
   Center                   Left Wing                Right Wing               Time % Phy DF OF 
 1 Aleksander Barkov        Jonathan Huberdeau       Alexander DeBrincat      36     1   2  2  
 2 Lars Eller               Jamie Benn               Carter Verhaeghe         28     1   2  2  
 3 Colton Sissons           Patrik Laine             Brock Boeser             26     1   2  2  
 4 Kyle Turris              Cal Clutterbuck          Tom Wilson               10     1   2  2  

5 vs 5 Defense 
   Defense                  Defense                                           Time % Phy DF OF 
 1 John Carlson             Mattias Ekholm                                    36     1   2  2  
 2 Joel Edmundson           Filip Hronek                                      31     1   2  2  
 3 Ben Harpur               Niko Mikkola                                      23     1   2  2  
 4 John Carlson             Mattias Ekholm                                    10     1   2  2  

PowerPlay Forward 
   Center                   Left Wing                Right Wing               Time % Phy DF OF 
 1 Aleksander Barkov        Jonathan Huberdeau       Alexander DeBrincat      55     1   2  2  
 2 Lars Eller               Jamie Benn               Carter Verhaeghe         45     1   2  2  

PowerPlay Defense
   Defense                  Defense                                           Time % Phy DF OF 
 1 John Carlson             Mattias Ekholm                                    55     1   2  2  
 2 Joel Edmundson           Filip Hronek                                      45     1   2  2  

Penalty Kill 4 Players Forward 
   Center                   Wing                     Time % Phy DF OF 
 1 Aleksander Barkov        Jonathan Huberdeau       55     1   2  2  
 2 Jamie Benn               Alexander DeBrincat      45     1   2  2  

Penalty Kill 4 Players Defense
   Defense                  Defense                  Time % Phy DF OF 
 1 John Carlson             Mattias Ekholm           55     1   2  2  
 2 Joel Edmundson           Filip Hronek             45     1   2  2  

Penalty Kill - 3 Players Forward 
   Forward                                           Time % Phy DF OF 
 1 Aleksander Barkov                                 55     1   2  2  
 2 Jonathan Huberdeau                                45     1   2  2  

Penalty Kill - 3 Players Defense
   Defense                  Defense                  Time % Phy DF OF 
 1 John Carlson             Mattias Ekholm           55     1   2  2  
 2 Joel Edmundson           Filip Hronek             45     1   2  2  

4 vs 4 Forward 
   Center                   Wing                     Time % Phy DF OF 
 1 Aleksander Barkov        Jonathan Huberdeau       55     1   2  2  
 2 Jamie Benn               Alexander DeBrincat      45     1   2  2  

4 vs 4 Defense
   Defense                  Defense                  Time % Phy DF OF 
 1 John Carlson             Mattias Ekholm           55     1   2  2  
 2 Joel Edmundson           Filip Hronek             45     1   2  2  

Last Minutes Offensive
   Center                   Left Wing                Right Wing               Defense                  Defense                  
   Aleksander Barkov        Jonathan Huberdeau       Alexander DeBrincat      John Carlson             Mattias Ekholm           

Last Minutes Defensive
   Center                   Left Wing                Right Wing               Defense                  Defense                  
   Aleksander Barkov        Jonathan Huberdeau       Alexander DeBrincat      John Carlson             Mattias Ekholm           

Goaltenders
Starting : Filip Gustavsson         
Backup : Andrei Vasilevskiy       

Extra Forwards
Normal : Cal Clutterbuck, Tom Wilson, Brock Boeser - PP : Cal Clutterbuck, Tom Wilson - PK : Brock Boeser
Extra Defensemen
Normal : Ben Harpur, Niko Mikkola, Joel Edmundson - PP : Ben Harpur - PK : Niko Mikkola, Joel Edmundson
Penalty Shots
Aleksander Barkov, Jonathan Huberdeau, Jamie Benn, Alexander DeBrincat, Lars Eller
Custom OT Lines Forwards
Aleksander Barkov, Jonathan Huberdeau, Jamie Benn, Alexander DeBrincat, Lars Eller, Carter Verhaeghe, Tom Wilson, Brock Boeser, Colton Sissons, Patrik Laine
Custom OT Lines Defensemen
John Carlson, Mattias Ekholm, Joel Edmundson, Filip Hronek, Ben Harpur

Scratches
None


% Time on Ice - UTAH ICE BEARS

Lines # - Real PCT - Wanted PCT - Time Play
Normal Forward
1 - 31% - 36% - 15:56
2 - 28% - 31% - 14:24
3 - 32% - 23% - 16:10
4 - 9% - 10% - 4:48
Normal Defense
1 - 33% - 36% - 16:57
2 - 33% - 31% - 16:51
3 - 28% - 23% - 14:29
4 - 6% - 10% - 3:01
PP Forward
1 - 38% - 55% - 1:48
2 - 62% - 45% - 2:56
PP Defense
1 - 38% - 55% - 1:48
2 - 62% - 45% - 2:56
PK Forward
1 - 58% - 55% - 2:19
2 - 42% - 45% - 1:39
PK Defense
1 - 81% - 55% - 3:12
2 - 19% - 45% - 0:46
PK3 Forward
1 - 0% - 55%
2 - 0% - 45%
PK3 Defense
1 - 0% - 55%
2 - 0% - 45%
44 Forward
1 - 0% - 55%
2 - 0% - 45%
44 Defense
1 - 0% - 55%
2 - 0% - 45%
Last Minute Offensive  - 0:00
Last Minute Defensive  - 0:00
Total
Forward - 60:00
Defense - 60:00

% Time on Ice - SACRAMENTO BANDITS

Lines # - Real PCT - Wanted PCT - Time Play
Normal Forward
1 - 35% - 36% - 18:01
2 - 27% - 28% - 13:46
3 - 26% - 26% - 13:08
4 - 12% - 10% - 6:23
Normal Defense
1 - 34% - 36% - 17:39
2 - 34% - 31% - 17:15
3 - 26% - 23% - 13:13
4 - 6% - 10% - 3:11
PP Forward
1 - 47% - 55% - 1:52
2 - 53% - 45% - 2:06
PP Defense
1 - 54% - 55% - 2:08
2 - 46% - 45% - 1:50
PK Forward
1 - 65% - 55% - 3:06
2 - 35% - 45% - 1:38
PK Defense
1 - 57% - 55% - 2:42
2 - 43% - 45% - 2:02
PK3 Forward
1 - 0% - 55%
2 - 0% - 45%
PK3 Defense
1 - 0% - 55%
2 - 0% - 45%
44 Forward
1 - 0% - 55%
2 - 0% - 45%
44 Defense
1 - 0% - 55%
2 - 0% - 45%
Last Minute Offensive  - 0:00
Last Minute Defensive  - 0:00
Total
Forward - 60:00
Defense - 60:00

Play-by-Play

1st period


0:01 of 1st period - Andrew Mangiapane wins face-off versus Aleksander Barkov in neutral zone.
1:48 of 1st period - Off-side.
1:49 of 1st period - Nicholas Paul wins face-off versus Colton Sissons in neutral zone.
1:58 of 1st period - Shot by Nicholas Paul.
1:58 of 1st period - Stopped by Filip Gustavsson with a rebound.
2:12 of 1st period - Shot by Patrik Laine.
2:12 of 1st period - Goal by Patrik Laine - UTAH ICE BEARS : 0 - SACRAMENTO BANDITS : 1.
2:13 of 1st period - Kyle Turris wins face-off versus Artem Anisimov in neutral zone.
2:31 of 1st period - Icing by Troy Stecher.
2:32 of 1st period - Colton Sissons wins face-off versus Artem Anisimov in UTAH ICE BEARS zone.
2:59 of 1st period - Icing by Ben Harpur.
3:00 of 1st period - Colton Sissons wins face-off versus Nicholas Paul in SACRAMENTO BANDITS zone.
3:56 of 1st period - Shot by Aleksander Barkov.
3:56 of 1st period - Shot Misses the Net.
4:19 of 1st period - Andrew Mangiapane is hit by John Carlson.
5:38 of 1st period - Shot by Artem Anisimov.
5:38 of 1st period - Shot Misses the Net.
5:41 of 1st period - Icing by Jamie Benn.
5:42 of 1st period - Lars Eller wins face-off versus Nicholas Paul in SACRAMENTO BANDITS zone.
5:42 of 1st period - Lars Eller is hit by Rudolfs Balcers.
6:12 of 1st period - Nicholas Paul is hit by Ben Harpur and loses puck.
6:34 of 1st period - Shot by Zachary Sanford.
6:34 of 1st period - Shot Blocked by Ben Harpur.
6:36 of 1st period - Shot by Alexander Barabanov.
6:36 of 1st period - Shot Blocked by Ben Harpur.
6:38 of 1st period - Shot by Zachary Sanford.
6:38 of 1st period - Shot Misses the Net.
7:47 of 1st period - Icing by T.J. Brodie.
7:48 of 1st period - Aleksander Barkov wins face-off versus Nicholas Paul in UTAH ICE BEARS zone.
7:49 of 1st period - Shot by Jonathan Huberdeau.
7:49 of 1st period - Shot Misses the Net.
8:02 of 1st period - Kyle Okposo is hit by Joel Edmundson and loses puck.
8:05 of 1st period - Shot by Rudolfs Balcers.
8:05 of 1st period - Stopped by Filip Gustavsson without a rebound.
8:06 of 1st period - Lars Eller wins face-off versus Alexander Barabanov in SACRAMENTO BANDITS zone.
8:49 of 1st period - Shot by Carter Verhaeghe.
8:49 of 1st period - Deflect By Lars Eller.
8:49 of 1st period - Stopped by Thatcher Demko without a rebound.
8:50 of 1st period - Aleksander Barkov wins face-off versus Andrew Mangiapane in UTAH ICE BEARS zone.
8:57 of 1st period - Shot by Alexander DeBrincat.
8:57 of 1st period - Stopped by Thatcher Demko without a rebound.
8:58 of 1st period - Aleksander Barkov wins face-off versus Andrew Mangiapane in UTAH ICE BEARS zone.
9:24 of 1st period - Off-side.
9:25 of 1st period - Nicholas Paul wins face-off versus Colton Sissons in neutral zone.
9:41 of 1st period - Off-side.
9:42 of 1st period - Aleksander Barkov wins face-off versus Casey Mittelstadt in neutral zone.
9:51 of 1st period - Shot by Aleksander Barkov.
9:51 of 1st period - Stopped by Thatcher Demko without a rebound.
9:52 of 1st period - Kyle Okposo wins face-off versus Aleksander Barkov in UTAH ICE BEARS zone.
10:01 of 1st period - Shot by Nicholas Paul.
10:01 of 1st period - Stopped by Filip Gustavsson without a rebound.
10:02 of 1st period - Colton Sissons wins face-off versus Andrew Mangiapane in SACRAMENTO BANDITS zone.
10:02 of 1st period - Colton Sissons is hit by Andrew Mangiapane.
10:33 of 1st period - Shot by Colton Sissons.
10:33 of 1st period - Stopped by Thatcher Demko without a rebound.
10:34 of 1st period - Nicholas Paul wins face-off versus Jonathan Huberdeau in UTAH ICE BEARS zone.
10:43 of 1st period - Shot by Rudolfs Balcers.
10:43 of 1st period - Stopped by Filip Gustavsson with a rebound.
11:22 of 1st period - Shot by Jonathan Huberdeau.
11:22 of 1st period - Shot Blocked by Artem Zub.
11:29 of 1st period - Icing by Artem Zub.
11:30 of 1st period - Nicholas Paul wins face-off versus Colton Sissons in UTAH ICE BEARS zone.
11:32 of 1st period - Icing by T.J. Brodie.
11:33 of 1st period - Lars Eller wins face-off versus Rudolfs Balcers in UTAH ICE BEARS zone.
11:33 of 1st period - John Carlson is hit by Artem Zub and loses puck.
11:38 of 1st period - Shot by Carter Verhaeghe.
11:38 of 1st period - Shot Misses the Net.
11:40 of 1st period - Shot by Mattias Ekholm.
11:40 of 1st period - Deflect By Carter Verhaeghe.
11:40 of 1st period - Stopped by Thatcher Demko without a rebound.
11:41 of 1st period - Colton Sissons wins face-off versus Andrew Mangiapane in UTAH ICE BEARS zone.
11:48 of 1st period - Shot by Colton Sissons.
11:48 of 1st period - Shot Misses the Net.
12:16 of 1st period - Shot by Andrew Mangiapane.
12:16 of 1st period - Shot Misses the Net.
12:18 of 1st period - Shot by Alexander Edler.
12:18 of 1st period - Stopped by Filip Gustavsson without a rebound.
12:19 of 1st period - Artem Anisimov wins face-off versus Lars Eller in SACRAMENTO BANDITS zone.
12:23 of 1st period - Alexander Barabanov is hit by Niko Mikkola and loses puck.
12:32 of 1st period - Shot by Alexander Barabanov.
12:32 of 1st period - Shot Misses the Net.
12:34 of 1st period - Shot by Troy Stecher.
12:34 of 1st period - Goal by Troy Stecher - UTAH ICE BEARS : 1 - SACRAMENTO BANDITS : 1.
12:35 of 1st period - Nicholas Paul wins face-off versus Aleksander Barkov in neutral zone.
12:55 of 1st period - Icing by Filip Hronek.
12:56 of 1st period - Aleksander Barkov wins face-off versus Casey Mittelstadt in SACRAMENTO BANDITS zone.
14:52 of 1st period - Shot by Carter Verhaeghe.
14:52 of 1st period - Shot Misses the Net.
15:39 of 1st period - Brock Boeser is hit by Rudolfs Balcers and loses puck.
16:02 of 1st period - Shot by Rudolfs Balcers.
16:02 of 1st period - Deflect By Nicholas Paul.
16:02 of 1st period - Shot Blocked by Ben Harpur.
16:04 of 1st period - Shot by Artem Zub.
16:04 of 1st period - Shot Misses the Net.
16:44 of 1st period - Shot by Tom Wilson.
16:44 of 1st period - Shot Misses the Net.
16:56 of 1st period - MacKenzie Weegar is hit by Cal Clutterbuck and loses puck.
17:01 of 1st period - Shot by Tom Wilson.
17:01 of 1st period - Stopped by Thatcher Demko without a rebound.
17:02 of 1st period - Lars Eller wins face-off versus Blake Lizotte in UTAH ICE BEARS zone.
18:05 of 1st period - Icing by T.J. Brodie.
18:06 of 1st period - Kyle Turris wins face-off versus Blake Lizotte in UTAH ICE BEARS zone.
18:09 of 1st period - Shot by Cal Clutterbuck.
18:09 of 1st period - Shot Blocked by T.J. Brodie.
18:52 of 1st period - Icing by Nicholas Paul.
18:53 of 1st period - Aleksander Barkov wins face-off versus Nicholas Paul in UTAH ICE BEARS zone.
19:09 of 1st period - Rudolfs Balcers is hit by Niko Mikkola and loses puck.
19:12 of 1st period - Shot by MacKenzie Weegar.
19:12 of 1st period - Stopped by Filip Gustavsson without a rebound.
19:13 of 1st period - Artem Anisimov wins face-off versus Patrik Laine in SACRAMENTO BANDITS zone.
19:16 of 1st period - Shot by Alexander Barabanov.
19:16 of 1st period - Stopped by Filip Gustavsson without a rebound.
19:17 of 1st period - Aleksander Barkov wins face-off versus Artem Anisimov in SACRAMENTO BANDITS zone.
Goals for this period are 1 for UTAH ICE BEARS vs 1 for SACRAMENTO BANDITS.
Shots for this period are 8 for UTAH ICE BEARS vs 7 for SACRAMENTO BANDITS.

2nd period


0:01 of 2nd period - Colton Sissons wins face-off versus Andrew Mangiapane in neutral zone.
0:29 of 2nd period - Shot by Casey Mittelstadt.
0:29 of 2nd period - Shot Misses the Net.
0:35 of 2nd period - Shot by Andrew Mangiapane.
0:35 of 2nd period - Deflect By Casey Mittelstadt.
0:35 of 2nd period - Shot Misses the Net.
0:43 of 2nd period - Shot by Casey Mittelstadt.
0:43 of 2nd period - Shot Misses the Net.
0:45 of 2nd period - Shot by MacKenzie Weegar.
0:45 of 2nd period - Shot Misses the Net.
1:14 of 2nd period - Shot by Kyle Okposo.
1:14 of 2nd period - Stopped by Filip Gustavsson without a rebound.
1:15 of 2nd period - Lars Eller wins face-off versus Artem Anisimov in SACRAMENTO BANDITS zone.
1:19 of 2nd period - Carter Verhaeghe is hit by Erik Gudbranson and loses puck.
1:24 of 2nd period - Shot by Lars Eller.
1:24 of 2nd period - Stopped by Thatcher Demko without a rebound.
1:25 of 2nd period - Lars Eller wins face-off versus Artem Anisimov in UTAH ICE BEARS zone.
1:30 of 2nd period - Shot by Carter Verhaeghe.
1:30 of 2nd period - Shot Misses the Net.
1:32 of 2nd period - Shot by Jamie Benn.
1:32 of 2nd period - Shot Misses the Net.
2:06 of 2nd period - Shot by Jamie Benn.
2:06 of 2nd period - Shot Misses the Net.
2:08 of 2nd period - Shot by Carter Verhaeghe.
2:08 of 2nd period - Stopped by Thatcher Demko with a rebound.
2:10 of 2nd period - Shot by Joel Edmundson.
2:10 of 2nd period - Shot Hit the Post.
2:42 of 2nd period - Shot by Aleksander Barkov.
2:42 of 2nd period - Shot Misses the Net.
3:16 of 2nd period - Shot by Tom Wilson.
3:16 of 2nd period - Shot Misses the Net.
3:28 of 2nd period - Shot by Tom Wilson.
3:28 of 2nd period - Shot Misses the Net.
3:30 of 2nd period - Shot by Tom Wilson.
3:30 of 2nd period - Stopped by Thatcher Demko without a rebound.
3:31 of 2nd period - Andrew Mangiapane wins face-off versus Colton Sissons in UTAH ICE BEARS zone.
3:35 of 2nd period - Icing by Andrew Mangiapane.
3:36 of 2nd period - Andrew Mangiapane wins face-off versus Lars Eller in UTAH ICE BEARS zone.
3:44 of 2nd period - Icing by Carter Verhaeghe.
3:45 of 2nd period - Andrew Mangiapane wins face-off versus Lars Eller in SACRAMENTO BANDITS zone.
3:56 of 2nd period - Mattias Ekholm is hit by Mattias Janmark and loses puck.
4:27 of 2nd period - Shot by Lars Eller.
4:27 of 2nd period - Stopped by Thatcher Demko without a rebound.
4:28 of 2nd period - Aleksander Barkov wins face-off versus Nicholas Paul in UTAH ICE BEARS zone.
4:37 of 2nd period - Shot by Jonathan Huberdeau.
4:37 of 2nd period - Deflect By Alexander DeBrincat.
4:37 of 2nd period - Stopped by Thatcher Demko with a rebound.
4:57 of 2nd period - Shot by Kyle Okposo.
4:57 of 2nd period - Shot Misses the Net.
5:01 of 2nd period - Shot by Nicholas Paul.
5:01 of 2nd period - Shot Misses the Net.
5:07 of 2nd period - Shot by Rudolfs Balcers.
5:07 of 2nd period - Shot Blocked by Aleksander Barkov.
5:39 of 2nd period - Shot by Patrik Laine.
5:39 of 2nd period - Stopped by Thatcher Demko without a rebound.
5:40 of 2nd period - Lars Eller wins face-off versus Andrew Mangiapane in UTAH ICE BEARS zone.
5:54 of 2nd period - Icing by MacKenzie Weegar.
5:55 of 2nd period - Colton Sissons wins face-off versus Andrew Mangiapane in UTAH ICE BEARS zone.
5:56 of 2nd period - Shot by Brock Boeser.
5:56 of 2nd period - Stopped by Thatcher Demko without a rebound.
5:56 of 2nd period - Minor Penalty to Alexander Edler for Roughing.
5:57 of 2nd period - Lars Eller wins face-off versus Andrew Mangiapane in UTAH ICE BEARS zone.
6:04 of 2nd period - Shot by Carter Verhaeghe.
6:04 of 2nd period - Stopped by Thatcher Demko without a rebound.
6:05 of 2nd period - Aleksander Barkov wins face-off versus Andrew Mangiapane in UTAH ICE BEARS zone.
6:46 of 2nd period - Shot by John Carlson.
6:46 of 2nd period - Shot Misses the Net.
7:10 of 2nd period - Shot by Lars Eller.
7:10 of 2nd period - Shot Blocked by Artem Zub.
7:12 of 2nd period - Shot by Carter Verhaeghe.
7:12 of 2nd period - Shot Misses the Net.
7:41 of 2nd period - Lars Eller is hit by Artem Zub and loses puck.
9:30 of 2nd period - Icing by Nicholas Paul.
9:31 of 2nd period - Aleksander Barkov wins face-off versus Nicholas Paul in UTAH ICE BEARS zone.
9:56 of 2nd period - Shot by Alexander DeBrincat.
9:56 of 2nd period - Stopped by Thatcher Demko without a rebound.
9:57 of 2nd period - Artem Anisimov wins face-off versus Lars Eller in UTAH ICE BEARS zone.
9:57 of 2nd period - Artem Anisimov is hit by Carter Verhaeghe.
10:56 of 2nd period - Off-side.
10:57 of 2nd period - Nicholas Paul wins face-off versus Aleksander Barkov in neutral zone.
11:29 of 2nd period - Shot by Kyle Okposo.
11:29 of 2nd period - Stopped by Filip Gustavsson without a rebound.
11:30 of 2nd period - Andrew Mangiapane wins face-off versus Kyle Turris in SACRAMENTO BANDITS zone.
11:38 of 2nd period - Shot by Andrew Mangiapane.
11:38 of 2nd period - Shot Misses the Net.
11:40 of 2nd period - Shot by Alexander Edler.
11:40 of 2nd period - Stopped by Filip Gustavsson with a rebound.
11:40 of 2nd period - Filip Gustavsson from SACRAMENTO BANDITS is injured at 11:40 of 2nd period (Bruised Left Shoulder).
11:40 of 2nd period - Andrei Vasilevskiy enters game.
11:41 of 2nd period - Andrew Mangiapane wins face-off versus Colton Sissons in SACRAMENTO BANDITS zone.
12:01 of 2nd period - Shot by Casey Mittelstadt.
12:01 of 2nd period - Stopped by Andrei Vasilevskiy without a rebound.
12:02 of 2nd period - Aleksander Barkov wins face-off versus Nicholas Paul in SACRAMENTO BANDITS zone.
13:39 of 2nd period - Shot by Mattias Janmark.
13:39 of 2nd period - Stopped by Andrei Vasilevskiy without a rebound.
13:40 of 2nd period - Lars Eller wins face-off versus Artem Anisimov in SACRAMENTO BANDITS zone.
13:45 of 2nd period - Zachary Sanford is hit by Lars Eller and loses puck.
14:16 of 2nd period - Shot by Carter Verhaeghe.
14:16 of 2nd period - Stopped by Thatcher Demko with a rebound.
14:50 of 2nd period - Shot by Brock Boeser.
14:50 of 2nd period - Stopped by Thatcher Demko without a rebound.
14:51 of 2nd period - Kyle Turris wins face-off versus Casey Mittelstadt in UTAH ICE BEARS zone.
15:01 of 2nd period - Minor Penalty to MacKenzie Weegar for Tripping.
15:02 of 2nd period - Lars Eller wins face-off versus Andrew Mangiapane in UTAH ICE BEARS zone.
15:09 of 2nd period - Shot by John Carlson.
15:09 of 2nd period - Stopped by Thatcher Demko without a rebound.
15:10 of 2nd period - Andrew Mangiapane wins face-off versus Aleksander Barkov in UTAH ICE BEARS zone.
16:20 of 2nd period - Shot by Lars Eller.
16:20 of 2nd period - Shot Blocked by Artem Zub.
16:32 of 2nd period - Shot by Carter Verhaeghe.
16:32 of 2nd period - Stopped by Thatcher Demko with a rebound.
17:34 of 2nd period - Shot by Zachary Sanford.
17:34 of 2nd period - Deflect By Artem Anisimov.
17:34 of 2nd period - Shot Hit the Post.
18:32 of 2nd period - Shot by Kyle Okposo.
18:32 of 2nd period - Shot Blocked by Mattias Ekholm.
18:34 of 2nd period - Shot by MacKenzie Weegar.
18:34 of 2nd period - Goal by MacKenzie Weegar - UTAH ICE BEARS : 2 - SACRAMENTO BANDITS : 1.
18:35 of 2nd period - Andrew Mangiapane wins face-off versus Aleksander Barkov in neutral zone.
18:52 of 2nd period - Artem Zub is hit by Alexander DeBrincat.
18:53 of 2nd period - Icing by Artem Zub.
18:54 of 2nd period - Lars Eller wins face-off versus Andrew Mangiapane in UTAH ICE BEARS zone.
18:54 of 2nd period - Carter Verhaeghe is hit by Artem Zub and loses puck.
18:58 of 2nd period - Icing by T.J. Brodie.
18:59 of 2nd period - Jonathan Huberdeau wins face-off versus Andrew Mangiapane in UTAH ICE BEARS zone.
19:02 of 2nd period - Shot by Jonathan Huberdeau.
19:02 of 2nd period - Stopped by Thatcher Demko with a rebound.
19:16 of 2nd period - Icing by T.J. Brodie.
19:17 of 2nd period - Lars Eller wins face-off versus Andrew Mangiapane in UTAH ICE BEARS zone.
19:26 of 2nd period - Shot by Carter Verhaeghe.
19:26 of 2nd period - Stopped by Thatcher Demko with a rebound.
19:47 of 2nd period - Lars Eller is hit by T.J. Brodie and loses puck.
19:56 of 2nd period - Shot by Carter Verhaeghe.
19:56 of 2nd period - Stopped by Thatcher Demko without a rebound.
19:57 of 2nd period - Aleksander Barkov wins face-off versus Nicholas Paul in UTAH ICE BEARS zone.
19:58 of 2nd period - Shot by Alexander DeBrincat.
19:58 of 2nd period - Shot Misses the Net.
Goals for this period are 1 for UTAH ICE BEARS vs 0 for SACRAMENTO BANDITS.
Shots for this period are 6 for UTAH ICE BEARS vs 16 for SACRAMENTO BANDITS.

3rd period


0:01 of 3rd period - Aleksander Barkov wins face-off versus Casey Mittelstadt in neutral zone.
0:10 of 3rd period - Shot by Aleksander Barkov.
0:10 of 3rd period - Shot Misses the Net.
0:37 of 3rd period - Shot by Jonathan Huberdeau.
0:37 of 3rd period - Stopped by Thatcher Demko without a rebound.
0:38 of 3rd period - Nicholas Paul wins face-off versus Lars Eller in UTAH ICE BEARS zone.
0:45 of 3rd period - Shot by Nicholas Paul.
0:45 of 3rd period - Stopped by Andrei Vasilevskiy without a rebound.
0:46 of 3rd period - Lars Eller wins face-off versus Nicholas Paul in SACRAMENTO BANDITS zone.
0:56 of 3rd period - Shot by Jamie Benn.
0:56 of 3rd period - Shot Blocked by Nicholas Paul.
1:10 of 3rd period - Shot by Carter Verhaeghe.
1:10 of 3rd period - Stopped by Thatcher Demko without a rebound.
1:11 of 3rd period - Aleksander Barkov wins face-off versus Andrew Mangiapane in UTAH ICE BEARS zone.
1:16 of 3rd period - Shot by Aleksander Barkov.
1:16 of 3rd period - Shot Misses the Net.
1:46 of 3rd period - Shot by Andrew Mangiapane.
1:46 of 3rd period - Shot Misses the Net.
2:41 of 3rd period - Shot by Nicholas Paul.
2:41 of 3rd period - Shot Misses the Net.
3:00 of 3rd period - Shot by Alexander Barabanov.
3:00 of 3rd period - Stopped by Andrei Vasilevskiy with a rebound.
3:02 of 3rd period - Shot by Zachary Sanford.
3:02 of 3rd period - Stopped by Andrei Vasilevskiy without a rebound.
3:03 of 3rd period - Blake Lizotte wins face-off versus Colton Sissons in SACRAMENTO BANDITS zone.
3:10 of 3rd period - Shot by Brock Boeser.
3:10 of 3rd period - Stopped by Thatcher Demko without a rebound.
3:11 of 3rd period - Colton Sissons wins face-off versus Artem Anisimov in UTAH ICE BEARS zone.
3:32 of 3rd period - Shot by Artem Anisimov.
3:32 of 3rd period - Shot Misses the Net.
3:42 of 3rd period - Shot by Brock Boeser.
3:42 of 3rd period - Shot Misses the Net.
4:03 of 3rd period - Icing by Joel Edmundson.
4:04 of 3rd period - Colton Sissons wins face-off versus Andrew Mangiapane in SACRAMENTO BANDITS zone.
4:27 of 3rd period - Shot by Mattias Janmark.
4:27 of 3rd period - Stopped by Andrei Vasilevskiy without a rebound.
4:28 of 3rd period - Kyle Turris wins face-off versus Kyle Okposo in SACRAMENTO BANDITS zone.
4:40 of 3rd period - Icing by Niko Mikkola.
4:41 of 3rd period - Kyle Turris wins face-off versus Andrew Mangiapane in SACRAMENTO BANDITS zone.
4:46 of 3rd period - Shot by Casey Mittelstadt.
4:46 of 3rd period - Shot Misses the Net.
6:12 of 3rd period - Shot by Rudolfs Balcers.
6:12 of 3rd period - Stopped by Andrei Vasilevskiy without a rebound.
6:13 of 3rd period - Aleksander Barkov wins face-off versus Artem Anisimov in SACRAMENTO BANDITS zone.
6:29 of 3rd period - Shot by Zachary Sanford.
6:29 of 3rd period - Stopped by Andrei Vasilevskiy with a rebound.
6:47 of 3rd period - Shot by Alexander Barabanov.
6:47 of 3rd period - Stopped by Andrei Vasilevskiy without a rebound.
6:48 of 3rd period - Colton Sissons wins face-off versus Blake Lizotte in SACRAMENTO BANDITS zone.
6:48 of 3rd period - Colton Sissons is hit by Blake Lizotte.
6:56 of 3rd period - T.J. Brodie is hit by Brock Boeser and loses puck.
7:52 of 3rd period - Icing by Nicholas Paul.
7:53 of 3rd period - Rudolfs Balcers wins face-off versus Lars Eller in UTAH ICE BEARS zone.
8:12 of 3rd period - Jamie Benn is hit by MacKenzie Weegar.
8:16 of 3rd period - Shot by Jamie Benn.
8:16 of 3rd period - Stopped by Thatcher Demko without a rebound.
8:17 of 3rd period - Artem Anisimov wins face-off versus Aleksander Barkov in UTAH ICE BEARS zone.
9:11 of 3rd period - Zachary Sanford is hit by Filip Hronek and loses puck.
9:31 of 3rd period - Shot by Jamie Benn.
9:31 of 3rd period - Shot Misses the Net.
9:41 of 3rd period - Carter Verhaeghe is hit by Zachary Sanford.
9:42 of 3rd period - Icing by Carter Verhaeghe.
9:43 of 3rd period - Lars Eller wins face-off versus Andrew Mangiapane in SACRAMENTO BANDITS zone.
9:43 of 3rd period - Lars Eller is hit by Mattias Janmark.
10:05 of 3rd period - Off-side.
10:06 of 3rd period - Aleksander Barkov wins face-off versus Nicholas Paul in neutral zone.
10:33 of 3rd period - Jonathan Huberdeau is hit by Rudolfs Balcers and loses puck.
11:11 of 3rd period - Minor Penalty to Colton Sissons for Interference.
11:12 of 3rd period - Aleksander Barkov wins face-off versus Andrew Mangiapane in SACRAMENTO BANDITS zone.
11:48 of 3rd period - Shot by MacKenzie Weegar.
11:48 of 3rd period - Stopped by Andrei Vasilevskiy with a rebound.
12:50 of 3rd period - Shot by Andrew Mangiapane.
12:50 of 3rd period - Stopped by Andrei Vasilevskiy without a rebound.
12:51 of 3rd period - Nicholas Paul wins face-off versus Jamie Benn in SACRAMENTO BANDITS zone.
13:03 of 3rd period - Shot by Artem Zub.
13:03 of 3rd period - Stopped by Andrei Vasilevskiy without a rebound.
13:04 of 3rd period - Aleksander Barkov wins face-off versus Andrew Mangiapane in SACRAMENTO BANDITS zone.
13:19 of 3rd period - Icing by Ben Harpur.
13:20 of 3rd period - Lars Eller wins face-off versus Artem Anisimov in SACRAMENTO BANDITS zone.
13:28 of 3rd period - Icing by Erik Gudbranson.
13:29 of 3rd period - Colton Sissons wins face-off versus Artem Anisimov in UTAH ICE BEARS zone.
13:43 of 3rd period - Brock Boeser is hit by Erik Gudbranson and loses puck.
13:51 of 3rd period - Patrik Laine is hit by Erik Gudbranson and loses puck.
14:04 of 3rd period - Shot by Patrik Laine.
14:04 of 3rd period - Stopped by Thatcher Demko without a rebound.
14:05 of 3rd period - Aleksander Barkov wins face-off versus Andrew Mangiapane in UTAH ICE BEARS zone.
14:06 of 3rd period - Shot by Jonathan Huberdeau.
14:06 of 3rd period - Stopped by Thatcher Demko without a rebound.
14:07 of 3rd period - Jonathan Huberdeau wins face-off versus Andrew Mangiapane in UTAH ICE BEARS zone.
14:08 of 3rd period - Shot by Alexander DeBrincat.
14:08 of 3rd period - Shot Misses the Net.
14:24 of 3rd period - Shot by Aleksander Barkov.
14:24 of 3rd period - Stopped by Thatcher Demko with a rebound.
14:41 of 3rd period - Shot by Alexander DeBrincat.
14:41 of 3rd period - Deflect By Aleksander Barkov.
14:41 of 3rd period - Shot Misses the Net.
14:43 of 3rd period - Shot by Joel Edmundson.
14:43 of 3rd period - Shot Blocked by MacKenzie Weegar.
15:08 of 3rd period - MacKenzie Weegar is hit by John Carlson and loses puck.
15:39 of 3rd period - Minor Penalty to Carter Verhaeghe for Roughing.
15:40 of 3rd period - Aleksander Barkov wins face-off versus Nicholas Paul in SACRAMENTO BANDITS zone.
17:13 of 3rd period - Shot by Kyle Okposo.
17:13 of 3rd period - Shot Misses the Net.
17:15 of 3rd period - Shot by Artem Zub.
17:15 of 3rd period - Stopped by Andrei Vasilevskiy with a rebound.
17:17 of 3rd period - Shot by T.J. Brodie.
17:17 of 3rd period - Stopped by Andrei Vasilevskiy without a rebound.
17:18 of 3rd period - Aleksander Barkov wins face-off versus Nicholas Paul in SACRAMENTO BANDITS zone.
17:38 of 3rd period - Shot by Nicholas Paul.
17:38 of 3rd period - Deflect By Ross Colton.
17:38 of 3rd period - Shot Misses the Net.
17:40 of 3rd period - Shot by Zachary Sanford.
17:40 of 3rd period - Deflect By Alexander Barabanov.
17:40 of 3rd period - Shot Blocked by Niko Mikkola.
17:48 of 3rd period - Shot by Artem Anisimov.
17:48 of 3rd period - Stopped by Andrei Vasilevskiy without a rebound.
17:49 of 3rd period - Kyle Turris wins face-off versus Blake Lizotte in SACRAMENTO BANDITS zone.
17:49 of 3rd period - Kyle Turris is hit by Blake Lizotte.
18:18 of 3rd period - Andrew Mangiapane is hit by Niko Mikkola.
19:13 of 3rd period - Minor Penalty to Colton Sissons for Slashing.
19:14 of 3rd period - Aleksander Barkov wins face-off versus Nicholas Paul in SACRAMENTO BANDITS zone.
Goals for this period are 0 for UTAH ICE BEARS vs 0 for SACRAMENTO BANDITS.
Shots for this period are 13 for UTAH ICE BEARS vs 7 for SACRAMENTO BANDITS.


NATHAN
MACKINNON
PHILLIP
DANAULT
CONNOR
MCDAVID

EAST COAST

HOCKEY LEAGUE

  • 25.QUE4CHI5
  • 26.CHA2LIM3
  • 27.TRV2LON3
  • 28.CHW4BAL2
  • 29.PITMAN
  • 30.ATLNHW
  • 31.WORPET
  • 32.RHI